 Dungeon Crawl Stone Soup version 0.30-a0-424-g7412bad402 (webtiles) character file.

Game seed: 4800945714574746029

297 arthad the Grave Robber (level 6, -7/47 HPs)
             Began as a Ghoul Necromancer on Dec 10, 2022.
             Was a High Priest of Uskayaw.
             Killed by divine providence
             ... invoked by an orc priest
              (12 damage)
             ... on level 3 of the Dungeon.
             The game lasted 00:12:05 (3266 turns).

arthad the Grave Robber (Ghoul Necromancer)         Turns: 3266, Time: 00:12:06

Health: -7/47      AC:  5    Str: 12    XL:     6   Next: 35%
Magic:  0/9        EV: 12    Int: 12    God:    Uskayaw [*****.]
Gold:   115        SH:  0    Dex:  9    Spells: 4/11 levels left

rFire   . . .      SeeInvis .    h - +1 dagger (elec)
rCold   + . .      Faith    .    (no shield)
rNeg    + + +      Spirit   .    a - +0 robe
rPois   ∞          Reflect  .    n - +1 helmet
rElec   .          Harm     .    t - +0 cloak
rCorr   .          Rampage  .    (no gloves)
Will    .....                    (no boots)
Stlth   ++........               (no amulet)
HPRegen 0.00/turn                (no ring)
MPRegen 0.11/turn                (no ring)

@: inhibited regen
A: claws 1, cold resistance 1, negative energy resistance 3, inhibited
regeneration, torment resistance 2, devour on kill
a: Renounce Religion, Stomp, Line Pass, Grand Finale


You were on level 3 of the Dungeon.
You worshipped Uskayaw.
Uskayaw was noncommittal.
You visited 1 branch of the dungeon, and saw 3 of its levels.

You collected 115 gold pieces.

Inventory:

Hand Weapons
 g - a +0 arbalest
 h - a +1 dagger of electrocution (weapon)
 r - a +1 short sword of draining
 s - a +2 quarterstaff of chaos
 u - a +2 hammer of protection
Armour
 a - a +0 robe (worn)
 n - a +1 helmet (worn)
 t - a +0 cloak (worn)
Wands
 q - a wand of flame (12)
Scrolls
 c - a scroll of silence {unknown}
 e - a scroll of fog {unknown}
 k - a scroll of teleportation {unknown}
 m - a scroll of enchant weapon {unknown}
 o - a scroll of poison {unknown}
 p - a scroll of noise {unknown}
 v - a scroll of vulnerability {unknown}
Potions
 b - a potion of magic
 d - a potion of brilliance {unknown}
 f - a potion of haste {unknown}
 i - 2 potions of heal wounds
 j - a potion of might {unknown}
 l - a potion of berserk rage {unknown}


   Skills:
 + Level 1.6 Fighting
 + Level 1.1 Short Blades
 + Level 2.6 Dodging
 + Level 3.2 Stealth
 - Level 0.7 Unarmed Combat
 * Level 3.0 Spellcasting
 * Level 4.8 Necromancy
 + Level 1.0 Translocations
 + Level 1.6 Invocations


You had 4 spell levels left.
You knew the following spells:

 Your Spells              Type           Power      Damage    Failure   Level
a - Necrotise             Necr           52%        1d6       3%          1
b - Vampiric Draining     Necr           13%        2d6       10%         3
c - Teleport Other        Tloc           4%         N/A       43%         3

Your spell library contained the following spells:

 Spells                   Type           Power      Damage    Failure   Level
 Animate Dead             Necr           13%        N/A       32%         4
 Gell's Gravitas          Tloc           4%         N/A       43%         3
 Lesser Beckoning         Tloc           8%         N/A       43%         3
 Kindle Blastsparks       Fire/Tloc/Air  4%         2d10      54%         3
 Ignite Poison            Fire/Tmut/Pois 1%         N/A       58%         3
 Agony                    Necr           13%        N/A       67%         5
 Freezing Cloud           Conj/Ice/Air   0%         6-21      100%        5


Dungeon Overview and Level Annotations

Branches:
Dungeon (3/15)

Altars:
Uskayaw


Innate Abilities, Weirdness & Mutations

You are immune to poison.
You have sharp fingernails.
Your flesh is cold resistant. (rC+)
You are immune to negative energy. (rN+++)
You do not regenerate when monsters are visible.
You are immune to unholy pain and torment.
You thrive by killing the living.


Message History

Your frilled lizard skeleton bites the hobgoblin but does no damage.
Your Spellcasting skill increases to level 3!
The hobgoblin hits you but does no damage.
The orc priest hits you but does no damage.
Items here: ( ))) [[ ††.
You hit the orc priest.
The orc priest is lightly wounded.
Your frilled lizard skeleton bites the hobgoblin but does no damage.
The orc priest hits you but does no damage.
The hobgoblin hits you.
You can now merge with and destroy a victim.
You hit the orc priest but do no damage.
The orc priest is lightly wounded.
Your frilled lizard skeleton bites the hobgoblin.
The orc priest hits you but does no damage.
The hobgoblin hits you but does no damage.
You barely miss the orc priest.
The orc priest is lightly wounded.
Your frilled lizard skeleton completely misses the hobgoblin.
You closely miss the orc priest.
The orc priest is lightly wounded.
Your frilled lizard skeleton crumbles into dust!
The hobgoblin barely misses you.
The orc priest mumbles some strange prayers to Beogh against you.
Beogh smites you!
* * * LOW HITPOINT WARNING * * *
Aiming: Necrotise (safe; 3% risk of failure)
Press: ? - help, Q - select action, (/) - cycle Shift-Dir - straight line, f - orc priest
Aim: an orc priest, wielding a +0 whip (lightly wounded, chance to affect: 69%)
The orc priest writhes in agony.
The orc priest looks braver for a moment.
The hobgoblin closely misses you.
Unknown command.
Aiming: Necrotise (safe; 3% risk of failure)
Press: ? - help, Q - select action, (/) - cycle Shift-Dir - straight line, f/p - orc priest
Aim: an orc priest, wielding a +0 whip (lightly wounded, chance to affect: 69%)
The orc priest writhes in agony.
The orc priest calls down the wrath of Beogh upon you.
Beogh smites you!
You die...

##### #####...####
........o..##.. ##
##.@##.##.##..
#..g.#.##.##.#######
#...#)#.##.......##..
..?..##.#.##..#.##.##.#
#.⌠)# #....#.......##.#
#..$. #.##.#..#........
...# #.##....#........
..# ..##.#..###..##..
......#.(.....##..


You could see an orc priest and a hobgoblin.

Vanquished Creatures
  An orc priest (D:3)
  Crazy Yiuf (D:2)
  Natasha (thrice) (D:2)
  2 orc wizards (D:3)
  Robin (D:2)
  4 adders (D:2)
  8 bats
  2 endoplasms
  2 giant cockroaches
  10 goblins
  8 hobgoblins
  2 jackals (D:2)
  2 quokkas (D:2)
  10 ball pythons
  6 frilled lizards
  4 kobolds
  7 rats
73 creatures vanquished.

Vanquished Creatures (collateral kills)
  An orc (D:3)
  2 goblins
  A frilled lizard (D:1)
4 creatures vanquished.

Grand Total: 77 creatures vanquished

Notes
Turn   | Place    | Note
-------+----------+-------------------------------------------
     0 | D:1      | arthad the Ghoul Necromancer began the quest for the Orb.
     0 | D:1      | Reached XP level 1. HP: 14/14 MP: 2/2
   193 | D:1      | Reached XP level 2. HP: 20/20 MP: 1/3
   528 | D:1      | Found a faded altar of an unknown god.
   542 | D:1      | Prayed at the altar of an unknown god.
   542 | D:1      | Became a worshipper of Uskayaw the Reveller
   542 | D:1      | Reached * piety under Uskayaw
   917 | D:1      | Reached XP level 3. HP: 27/27 MP: 2/5
  1815 | D:2      | Noticed Natasha
  1824 | D:2      | Killed Natasha
  1824 | D:2      | Reached ** piety under Uskayaw
  1825 | D:2      | Reached skill level 1 in Fighting
  1825 | D:2      | Reached XP level 4. HP: 24/35 MP: 1/6
  1897 | D:2      | Noticed Natasha
  1904 | D:2      | Killed Natasha
  1912 | D:2      | Learned a level 3 spell: Vampiric Draining
  1916 | D:2      | Learned a level 3 spell: Teleport Other
  2005 | D:2      | Found a runed translucent door.
  2006 | D:2      | Noticed Crazy Yiuf
  2238 | D:2      | Noticed Robin
  2252 | D:2      | Reached skill level 1 in Invocations
  2254 | D:2      | Killed Robin
  2279 | D:2      | Reached XP level 5. HP: 39/40 MP: 3/7
  2826 | D:2      | Noticed Natasha
  2831 | D:2      | Killed Natasha
  3012 | D:2      | Killed Crazy Yiuf
  3163 | D:3      | Reached skill level 1 in Short Blades
  3236 | D:3      | Reached XP level 6. HP: 45/47 MP: 0/9
  3236 | D:3      | Reached *** piety under Uskayaw
  3242 | D:3      | Reached skill level 1 in Translocations
  3242 | D:3      | Reached **** piety under Uskayaw
  3261 | D:3      | Reached ***** piety under Uskayaw
  3266 | D:3      | Killed from afar by an orc priest

Illustrated notes

Levels and vault maps discovered:
D:1:      nzn_arrival_water_spiral, layout_loops_cross, serial_rivers,
          chequers_serial_rivers_marsh, chequers_serial_rivers_micro_c,
          chequers_serial_rivers_micro_c, chequers_serial_rivers_micro_e,
          dreamdust_ecumenical_altar_hidden_monk_grotto
D:2:      layout_basic, uniq_crazy_yiuf_cottage, uniq_robin, uniq_natasha
D:3:      layout_loops_cross, minmay_circle_x, uniq_terence

Skill      XL: |  1  2  3  4  5  6 |
---------------+-------------------+-----
Spellcasting   | 2 3 |  3.0
Dodging        | 2 |  2.6
Fighting       | 1 |  1.6
Invocations    | 1 |  1.6
Stealth        | 3 |  3.2
Short Blades   | 1 |  1.1
Translocations | 1 |  1.0
Unarmed Combat | |  0.7
Necromancy     | |  4.8

Action                   |  1- 3 |  4- 6 || total
-------------------------+-------+-------++-------
Melee: Unarmed           |    15 |       ||    15
       Dagger            |     7 |    51 ||    58
       Punch             |       |     1 ||     1
 Cast: Necrotise         |    80 |    67 ||   147
       Vampiric Draining |       |     1 ||     1
  Use: Potion            |       |     1 ||     1
Armor: Robe              |     3 |    21 ||    24
Dodge: Dodged            |    23 |    48 ||    71

Table legend: (Time is in decaauts)
 A = Elapsed time spent in this place.
 B = Non-inter-level travel time spent in this place.
 C = Inter-level travel time spent in this place.
 D = Time resting spent in this place.
 E = Time spent auto-exploring this place.
 F = Levels seen in this place.
 G = Mean time per level.
                   A        B        C        D        E       F      G
               +--------+--------+--------+--------+--------+-----+--------+
         Total |   3261 |   3193 |     68 |     63 |   2686 |   3 | 1087.0 |
       Dungeon |   3261 |   3193 |     68 |     63 |   2686 |   3 | 1087.0 |
               +--------+--------+--------+--------+--------+-----+--------+

Top non-repeatable levels by time:
     D:2: 1756 daAuts
     D:1: 1366 daAuts
     D:3: 138 daAuts
